cohdb
Replays
Latest Replays
All Replays
Popular Replays
Top Player Replays
Match Explorer
How It Works
Community
CoH3 Stats
Reddit
Sign in to upload your games and track your stats! →
Sign in with Steam
Match 45636822
Unlisted
Match 45636822
Overview
Messages
Build Orders
End
Engineer Squad
Construct Weapon Support Center
Selects Advanced Infantry Battlegroup
Selects Advanced Infantry Battlegroup
Sniper
Bazooka Squad
Construct Medical Station
M1919 Machine Gun Team
Engineer Squad
Infantry Support Center
.30 cal Machine Gun
Bazooka Squad
Improved M9 Bazooka Rockets
Selects Ammunition Storage
M1919 Machine Gun Team
Selects M2A1 105mm Howitzer Emplacement
Captain Retinue
Selects Free Fire Drills
Selects Convert to Ranger Squad
Scout Squad
.30 cal Machine Gun
Selects Frontline Medical Station
Selects Infantry Assault
Infantry Assault
.30 cal Machine Gun
Bazooka Squad
Bazooka Squad
Bazooka Squad
Engineer Squad
Brick_man
The_Jonny_Boy94
阴沟奔行鼠
Billy Mitchell
Max Emotional Damage
Allied players r prob gay
0
0
Comments
sign in to comment!
No comments posted yet!